[Event "Titled Tuesday Blitz July 11 Early 2023"]
[White "Kumsiashvili, Nikoloz"]
[Black "Pranav, V"]
[WhiteFideId "13600621"]
[BlackFideId "25060783"]
[WhiteElo "2742"]
[BlackElo "2956"]
[Result "0-1"]
[Round "10"]
[TimeControl "180+2"]
[Date "2023.07.11"]
[WhiteClock "0:00:17"]
[BlackClock "0:01:14"]
[Board "11"]

1. Nf3 Nf6 2. b3 d6 3. d4 g6 4. Bb2 Bg7 5. e3 O-O 6. Be2 Nc6 7. O-O Nd7 8. c4 e5 9. dxe5 Re8 10. Nc3 Ndxe5 11. Nd4 Nxd4 12. exd4 Nc6 13. Nd5 Be6 14. Bf3 Bxd5 15. Bxd5 Qh4 16. g3 Qf6 17. Qf3 Qxf3 18. Bxf3 Nxd4 19. Bxd4 Bxd4 20. Rad1 c5 21. Bxb7 Rab8 22. Bf3 Re5 23. Rde1 a5 24. Rxe5 dxe5 25. Bc6 Kg7 26. Kg2 f5 27. f3 Kf6 28. Re1 Rb6 29. Bb5 Rd6 30. Rd1 h6 31. Kf1 h5 32. h3 Rd8 33. Ke2 h4 34. g4 Kg5 35. gxf5 gxf5 36. Bc6 Kf4 37. Bd5 Rd7 38. a3 Rg7 39. Rb1 Rg2+ 40. Kd3 e4+ 41. fxe4 fxe4+ 42. Bxe4 Rg3+ 0-1


[Site "https://www.chess.com"]

[Event "Titled Tuesday Blitz July 11 Early 2023"]
[White "Tang, Andrew"]
[Black "Mahdavi, Reza"]
[WhiteFideId "2059630"]
[BlackFideId "12595926"]
[WhiteElo "2924"]
[BlackElo "2773"]
[Result "1-0"]
[Round "10"]
[TimeControl "180+2"]
[Date "2023.07.11"]
[WhiteClock "0:00:49"]
[BlackClock "0:01:08"]
[Board "12"]

1. d4 Nf6 2. c4 e6 3. Nc3 d5 4. cxd5 exd5 5. Bg5 Bb4 6. Qc2 h6 7. Bh4 g5 8. Bg3 Ne4 9. e3 h5 10. f3 Nxg3 11. hxg3 Qe7 12. Kf2 Be6 13. Bd3 c6 14. f4 h4 15. Nf3 hxg3+ 16. Kxg3 gxf4+ 17. exf4 Rg8+ 18. Kf2 Qd6 19. f5 Qg3+ 20. Kf1 Bd7 21. Rh3 Qg7 22. Re1+ Kd8 23. Qf2 Bd6 24. Ne5 f6 25. Ng6 Be8 26. Ne2 Bxg6 27. fxg6 Rh8 28. Nf4 Bxf4 29. Qxf4 1-0


[Site "https://www.chess.com"]

[Event "Titled Tuesday Blitz July 11 Early 2023"]
[White "Goltsev, Dmitry"]
[Black "Vokhidov, Shamsiddin"]
[WhiteFideId "24176710"]
[BlackFideId "14204223"]
[WhiteElo "2777"]
[BlackElo "2920"]
[Result "0-1"]
[Round "10"]
[TimeControl "180+2"]
[Date "2023.07.11"]
[WhiteClock "0:00:00"]
[BlackClock "0:01:13"]
[Board "13"]

1. e4 c5 2. Nf3 d6 3. d4 cxd4 4. Nxd4 Nf6 5. Nc3 Nc6 6. Be2 e5 7. Nb3 Be7 8. Be3 Be6 9. f3 O-O 10. O-O a5 11. Nd5 a4 12. Nc1 Bxd5 13. exd5 Nb4 14. c4 a3 15. Qb3 Qa5 16. Bd2 Qb6+ 17. Be3 axb2 18. Bxb6 bxa1=Q 19. Qxb4 e4 20. f4 Nd7 21. Be3 Bf6 22. Qxb7 Bd4 23. Bxd4 Qxd4+ 24. Kh1 Nc5 25. Qb6 Rab8 26. Qxd6 Nd3 27. Nxd3 exd3 28. Bf3 Qxc4 29. a3 d2 30. Rd1 Rbe8 31. h3 Re1+ 32. Kh2 Qd4 33. Kg3 Qe3 0-1


[Site "https://www.chess.com"]

[Event "Titled Tuesday Blitz July 11 Early 2023"]
[White "Gordievsky, Dmitry"]
[Black "Jarovinsky, Alexey"]
[WhiteFideId "24112798"]
[BlackFideId "14115131"]
[WhiteElo "2907"]
[BlackElo "2735"]
[Result "1-0"]
[Round "10"]
[TimeControl "180+2"]
[Date "2023.07.11"]
[WhiteClock "0:00:07"]
[BlackClock "0:00:02"]
[Board "14"]

1. Nf3 Nc6 2. d4 d6 3. e4 Nf6 4. Nc3 a6 5. d5 Ne5 6. Nxe5 dxe5 7. Bc4 b5 8. Bb3 e6 9. dxe6 Qxd1+ 10. Nxd1 fxe6 11. f3 c5 12. c4 Bd6 13. Be3 Bd7 14. Nf2 Rc8 15. O-O-O Ke7 16. Rd2 bxc4 17. Bxc4 Bb5 18. b3 Rhd8 19. Rhd1 h6 20. Nd3 Nd7 21. a4 Bxc4 22. bxc4 Ke8 23. Rb2 Rb8 24. Rxb8 Rxb8 25. Kc2 Be7 26. a5 Rb7 27. Bd2 Bf6 28. Bc3 Ke7 29. g3 g5 30. Nb2 Rb8 31. Na4 Ke8 32. Bd2 Bd8 33. Bc3 Bc7 34. h4 gxh4 35. gxh4 Ke7 36. Rg1 Rf8 37. Rg7+ Kd6 38. Rg3 Rf4 39. h5 Rh4 40. Rg8 Rxh5 41. Ra8 Rh2+ 42. Kb3 Rh3 43. Rxa6+ Ke7 44. Ra7 Bb8 45. Rb7 Rxf3 46. a6 Rf1 47. Nxc5 Rb1+ 48. Bb2 Rxb2+ 49. Kxb2 Kd6 50. Nxd7 Kc6 51. Rxb8 Kxd7 52. Rh8 Kc7 53. Rxh6 Kc6 54. Rxe6+ Kc7 55. Rxe5 Kb8 56. Rd5 Ka7 57. e5 1-0


[Site "https://www.chess.com"]

[Event "Titled Tuesday Blitz July 11 Early 2023"]
[White "Turski, Bartlomiej"]
[Black "Suleymanli, Suleyman"]
[WhiteFideId "21810567"]
[BlackFideId "13416375"]
[WhiteElo "2891"]
[BlackElo "2733"]
[Result "1-0"]
[Round "10"]
[TimeControl "180+2"]
[Date "2023.07.11"]
[WhiteClock "0:00:19"]
[BlackClock "0:00:04"]
[Board "15"]

1. e4 e6 2. b3 d5 3. Bb2 Nf6 4. e5 Nfd7 5. d4 c5 6. c3 Nc6 7. Nf3 g5 8. h3 h5 9. Bd3 b6 10. a3 Bb7 11. b4 c4 12. Bc2 Bg7 13. Qe2 Qe7 14. Nbd2 O-O-O 15. O-O-O g4 16. hxg4 hxg4 17. Nh2 g3 18. fxg3 f6 19. exf6 Bxf6 20. Nhf3 e5 21. dxe5 Ndxe5 22. Rhe1 Qg7 23. Kb1 Qxg3 24. Nf1 Qg7 25. Ne3 Nxf3 26. Qxf3 Ne5 27. Qf4 Rhf8 28. Nf5 Qc7 29. Nd4 Rde8 30. Nb5 Qd8 31. Nxa7+ Kb8 32. Nb5 Bh8 33. Qg3 Rg8 34. Qh2 Qf6 35. Rf1 Qg5 36. Nd6 Rd8 37. Nf7 Qe7 38. Nxd8 Rxd8 39. Rde1 Ka7 40. Bc1 Re8 41. Qg1 Qg7 42. Be3 Nd7 43. Bd4 Rxe1+ 44. Rxe1 Qg8 45. Bxh8 Qxh8 46. Qd4 Qg8 47. Re7 Bc6 48. a4 Qg5 49. Qg7 Qxg7 50. Rxg7 Kb8 51. b5 Bxb5 52. axb5 Nc5 53. g4 d4 54. cxd4 Ne6 55. Re7 Nxd4 56. g5 Nxb5 57. g6 Nc7 58. g7 Nd5 59. g8=Q# 1-0


[Site "https://www.chess.com"]

[Event "Titled Tuesday Blitz July 11 Early 2023"]
[White "Molina, Roberto Junio Brito"]
[Black "Frolyanov, Dmitry"]
[WhiteFideId "2109450"]
[BlackFideId "4151976"]
[WhiteElo "2845"]
[BlackElo "2621"]
[Result "1-0"]
[Round "10"]
[TimeControl "180+2"]
[Date "2023.07.11"]
[WhiteClock "0:00:11"]
[BlackClock "0:00:31"]
[Board "16"]

1. d4 d5 2. c4 e6 3. Nc3 c6 4. e3 Nd7 5. Nf3 f5 6. Bd3 Nh6 7. Qc2 Bd6 8. cxd5 cxd5 9. Nb5 Bb8 10. Bd2 a6 11. Rc1 O-O 12. Nc7 Bxc7 13. Qxc7 Nf7 14. Bb4 Re8 15. O-O Qf6 16. Rfd1 e5 17. dxe5 Ndxe5 18. Nxe5 Nxe5 19. Bc3 f4 20. exf4 Qxf4 21. Bxe5 Rxe5 22. Bf1 Bg4 23. Rxd5 Rc8 24. Rd8+ Rxd8 25. Qxd8+ Qf8 26. Qd4 Rg5 27. h4 Rg6 28. Bd3 Bf5 29. Bxf5 Qxf5 30. Qd8+ Qf8 31. Rc8 Qxd8 32. Rxd8+ Kf7 33. Rd7+ Kf8 34. Rxb7 Rc6 35. g3 Rc2 36. Kg2 h6 37. g4 a5 38. Kg3 a4 39. a3 Kg8 40. h5 Kf8 41. f3 Rc4 42. Kf2 1-0


[Site "https://www.chess.com"]

[Event "Titled Tuesday Blitz July 11 Early 2023"]
[White "Bachmann, Axel"]
[Black "Ambartsumova, Karina"]
[WhiteFideId "3700488"]
[BlackFideId "4166299"]
[WhiteElo "2800"]
[BlackElo "2603"]
[Result "1-0"]
[Round "10"]
[TimeControl "180+2"]
[Date "2023.07.11"]
[WhiteClock "0:00:45"]
[BlackClock "0:00:00"]
[Board "17"]

1. e4 e5 2. Bc4 Nf6 3. d3 c6 4. Nf3 Be7 5. Bb3 O-O 6. O-O d6 7. Nc3 Nbd7 8. d4 exd4 9. Nxd4 Nc5 10. Re1 Nxb3 11. axb3 Re8 12. Qf3 h6 13. h3 Bf8 14. Bf4 Nd7 15. Qg3 Kh8 16. Bxd6 Bxd6 17. Qxd6 Ne5 18. Qxd8 Rxd8 19. Red1 Ng6 20. Na4 Rb8 21. Nc5 a6 22. Kf1 b6 23. Nxc6 Rxd1+ 24. Rxd1 Ra8 25. Rd8+ Kh7 26. Na4 Bb7 27. Rxa8 Bxa8 28. Nd4 Bxe4 29. Nxb6 Nf4 30. f3 Bb7 31. b4 f6 32. Na4 Kg6 33. Nc5 Bc8 34. c4 Kf7 35. b5 axb5 36. cxb5 Ke7 37. b6 1-0


[Site "https://www.chess.com"]

[Event "Titled Tuesday Blitz July 11 Early 2023"]
[White "JonSnowNW1"]
[Black "Zemlyanskii, Ivan"]
[BlackFideId "24249971"]
[WhiteElo "2479"]
[BlackElo "2797"]
[Result "1/2-1/2"]
[Round "10"]
[TimeControl "180+2"]
[Date "2023.07.11"]
[WhiteClock "0:00:07"]
[BlackClock "0:00:07"]
[Board "18"]

1. c4 e6 2. e4 d5 3. cxd5 exd5 4. exd5 Qxd5 5. Nc3 Qd8 6. d4 Nf6 7. Nf3 Bb4 8. Qa4+ Nc6 9. Bb5 Bd7 10. O-O Bxc3 11. bxc3 O-O 12. Ba3 Re8 13. Rae1 a6 14. Be2 Ne4 15. Qb3 Qf6 16. Bd3 Bf5 17. Qxb7 Nc5 18. Bxc5 Bxd3 19. Rxe8+ Rxe8 20. Re1 Rxe1+ 21. Nxe1 Bc4 22. Qa8+ Nd8 23. Nf3 h6 24. Ne5 Qg5 25. f4 Qh4 26. g3 Qh5 27. Qxd8+ Kh7 28. Kg2 Qe2+ 29. Kh3 Be6+ 30. g4 Qe3+ 31. Kg2 Qe2+ 32. Kg3 Qe3+ 33. Nf3 Qe2 34. Qa8 c6 35. Qxc6 Qd3 36. Kg2 Qe2+ 37. Kg3 h5 38. gxh5 Qd3 39. Kf2 Qc2+ 40. Kg3 Qd3 41. f5 Bxf5 42. Qd6 Be4 43. Qf4 Bd5 44. Kg2 Qe2+ 45. Kg3 Qd3 46. Kg4 Be6+ 47. Kh4 f6 48. h6 g5+ 49. Nxg5+ fxg5+ 50. Kxg5 Qg6+ 51. Kh4 Bf5 52. Qc7+ Kg8 53. Qg7+ Qxg7 54. hxg7 Be6 55. Kg5 Bxa2 56. h4 Kxg7 57. h5 Bc4 58. h6+ Kh7 59. Bf8 a5 60. Kf6 a4 61. Ke5 a3 62. Bxa3 Kxh6 63. d5 Kg6 64. Ke6 Kg7 65. Be7 Kg8 66. Bd6 Kg7 67. Bb4 Kg8 68. Ke5 Kf7 69. Kd4 Ba6 70. c4 Ke8 71. c5 Kd7 72. Be1 Bb7 73. Bg3 Ba8 74. Ke5 Bb7 75. Be1 Ba8 76. Ba5 Bb7 77. Kd4 Ba8 78. Kc4 Bb7 79. Kd4 Ba8 80. c6+ Bxc6 81. dxc6+ Kxc6 1/2-1/2


[Site "https://www.chess.com"]

[Event "Titled Tuesday Blitz July 11 Early 2023"]
[White "Rosh Jain"]
[Black "Svane, Frederik"]
[WhiteFideId "25789465"]
[BlackFideId "12923044"]
[WhiteElo "2439"]
[BlackElo "2794"]
[Result "0-1"]
[Round "10"]
[TimeControl "180+2"]
[Date "2023.07.11"]
[WhiteClock "0:00:03"]
[BlackClock "0:00:08"]
[Board "19"]

1. e4 e6 2. d4 a6 3. Bd3 d5 4. Nc3 Bb4 5. exd5 Qxd5 6. Nf3 Nf6 7. O-O Bxc3 8. bxc3 b5 9. Ba3 Bb7 10. Rb1 Nbd7 11. c4 bxc4 12. Bxc4 Qxc4 13. Rxb7 Nb6 14. Ne5 Qc3 15. Bc5 Nbd5 16. Qb1 Nd7 17. Nxd7 Kxd7 18. Rd1 Qc4 19. Rd3 h5 20. Rf3 f6 21. Qd1 Rab8 22. Rxb8 Rxb8 23. Rb3 Rh8 24. Qd3 Qxd3 25. Rxd3 g5 26. c4 Nf4 27. Rb3 g4 28. g3 Nh3+ 29. Kg2 Ng5 30. Rb7 Ra8 31. a4 Kc6 32. Rb3 Nf3 33. Re3 Kd7 34. Rb3 Kc6 35. Be7 f5 36. Bf6 Rf8 37. Bg7 Rf7 38. Bh8 Rh7 39. Bf6 Rf7 40. Bh8 h4 41. gxh4 Nxh4+ 42. Kg3 Nf3 43. h3 Nd2 44. Rd3 Ne4+ 45. Kg2 Rh7 46. Be5 gxh3+ 47. Rxh3 Rxh3 48. Kxh3 Nxf2+ 49. Kg3 Nd3 50. Bf6 Kd7 51. Kf3 Nb2 52. c5 Nxa4 53. Kf4 Nc3 54. Be5 Nd5+ 55. Kf3 Kc6 56. Ke2 Kb5 57. Kd3 Kb4 58. Kc2 c6 59. Kd3 Kb3 60. Bd6 a5 61. Bf8 a4 62. Bh6 a3 63. Bc1 a2 64. Ba3 a1=Q 65. Bb2 Qd1# 0-1


[Site "https://www.chess.com"]

[Event "Titled Tuesday Blitz July 11 Early 2023"]
[White "Skliarov, Viktor"]
[Black "Movahed, Sina"]
[WhiteFideId "14106736"]
[BlackFideId "42520835"]
[WhiteElo "2645"]
[BlackElo "2991"]
[Result "0-1"]
[Round "10"]
[TimeControl "180+2"]
[Date "2023.07.11"]
[WhiteClock "0:00:03"]
[BlackClock "0:00:16"]
[Board "20"]

1. e4 c5 2. Nf3 d6 3. d4 cxd4 4. Qxd4 Nc6 5. Bb5 Bd7 6. Bxc6 Bxc6 7. Nc3 Nf6 8. Bg5 e6 9. O-O-O Be7 10. Rhe1 Qa5 11. Kb1 O-O 12. Qd2 Rfe8 13. Nd4 Rac8 14. f3 Qa6 15. g4 b5 16. h4 b4 17. Nce2 Qb7 18. Nf4 Ba4 19. Nh5 Nxh5 20. gxh5 Bf8 21. h6 g6 22. h5 Rc5 23. hxg6 fxg6 24. Be3 Rc7 25. Nb3 Rec8 26. Re2 Be8 27. Qd4 a5 28. Qf6 e5 29. Rxd6 Bxd6 30. Qxd6 Qb5 31. Nc1 a4 32. f4 b3 33. axb3 axb3 34. cxb3 Bf7 35. Rf2 Bxb3 36. fxe5 Qc4 37. Nxb3 Qxe4+ 38. Ka2 Ra8+ 39. Qa3 Rxa3+ 40. Kxa3 Qxe3 0-1


[Site "https://www.chess.com"]

[Event "Titled Tuesday Blitz July 11 Early 2023"]
[White "Shimanov, Aleksandr"]
[Black "Nefedov, Sergey"]
[WhiteFideId "4198603"]
[BlackFideId "24113417"]
[WhiteElo "2914"]
[BlackElo "2643"]
[Result "1/2-1/2"]
[Round "10"]
[TimeControl "180+2"]
[Date "2023.07.11"]
[WhiteClock "0:00:04"]
[BlackClock "0:00:03"]
[Board "21"]

1. e4 d5 2. exd5 Qxd5 3. Nf3 Nf6 4. d4 Bg4 5. Be2 Nc6 6. c4 Qh5 7. d5 Ne5 8. Nc3 O-O-O 9. Qa4 a6 10. Nxe5 Qxe5 11. f3 Bd7 12. Qb3 e6 13. f4 Qd4 14. Bd2 exd5 15. cxd5 Bd6 16. Rf1 Ne4 17. Nxe4 Qxe4 18. Qf3 Rhe8 19. Qxe4 Rxe4 20. Kd1 Rd4 21. Kc1 Rxd5 22. Bc3 f6 23. g3 Bc5 24. Rd1 Be3+ 25. Kc2 Bf5+ 26. Kb3 Rxd1 27. Rxd1 Rxd1 28. Bxd1 Bg1 29. Be1 Bxh2 30. Bf2 g6 31. Kc4 h5 32. Kd5 h4 33. gxh4 Bxf4 34. Bd4 c6+ 35. Kc5 Kc7 36. Bxf6 Be6 37. a4 a5 38. Kd4 Kd6 39. Bc2 Bf7 40. Kc3 Be5+ 41. Bxe5+ Kxe5 42. b4 b6 43. bxa5 bxa5 44. Bd1 c5 45. Kd3 Kf4 46. Be2 Kg3 47. h5 gxh5 48. Bxh5 Bxh5 49. Kc4 Be8 50. Kxc5 Bxa4 51. Kb6 Bc2 52. Kxa5 1/2-1/2


[Site "https://www.chess.com"]

[Event "Titled Tuesday Blitz July 11 Early 2023"]
[White "Zhigalko, Sergei"]
[Black "Weishaeutel, Moritz"]
[WhiteFideId "13502956"]
[BlackFideId "12967300"]
[WhiteElo "2870"]
[BlackElo "2607"]
[Result "1-0"]
[Round "10"]
[TimeControl "180+2"]
[Date "2023.07.11"]
[WhiteClock "0:01:32"]
[BlackClock "0:00:12"]
[Board "22"]

1. e4 e5 2. Nf3 Nf6 3. d4 Nxe4 4. Bd3 d5 5. Nxe5 Nd7 6. Nxd7 Bxd7 7. O-O Bd6 8. Nc3 Nxc3 9. bxc3 O-O 10. Qh5 g6 11. Qxd5 Qh4 12. h3 Rfe8 13. Qg5 Qxg5 14. Bxg5 c5 15. Rfe1 cxd4 16. cxd4 Bb4 17. Rxe8+ Rxe8 18. Rb1 a5 19. c4 Kg7 20. d5 f6 21. Be3 Rc8 22. a3 Bxa3 23. Rxb7 1-0


[Site "https://www.chess.com"]

[Event "Titled Tuesday Blitz July 11 Early 2023"]
[White "Galchenko, Matvey"]
[Black "Zavgorodniy, Sergiy"]
[WhiteFideId "24175480"]
[BlackFideId "14110148"]
[WhiteElo "2860"]
[BlackElo "2604"]
[Result "1-0"]
[Round "10"]
[TimeControl "180+2"]
[Date "2023.07.11"]
[WhiteClock "0:00:05"]
[BlackClock "0:00:16"]
[Board "23"]

1. d4 Nf6 2. c4 e6 3. Nc3 Bb4 4. e3 b6 5. Bd3 Bb7 6. Ne2 Ne4 7. O-O Bxc3 8. bxc3 f5 9. f3 Nf6 10. a4 a5 11. Ng3 O-O 12. e4 fxe4 13. fxe4 d6 14. Bg5 Nbd7 15. Qe2 h6 16. Bd2 Qe8 17. Rf2 Nh7 18. Raf1 Qe7 19. Qg4 Rxf2 20. Rxf2 Rf8 21. Rxf8+ Ndxf8 22. Qh5 Bc6 23. Bc2 Be8 24. Qe2 Ng6 25. Bb3 Kh8 26. Qf3 Qf7 27. Qg4 Nf6 28. Qe2 Nd7 29. Be3 c5 30. Bd1 Qe7 31. Qd2 Kg8 32. Qb2 Ngf8 33. Bg4 Bg6 34. Be2 Qd8 35. Qb5 Nf6 36. Bd3 d5 37. cxd5 exd5 38. dxc5 bxc5 39. Bxc5 dxe4 40. Bc4+ Kh7 41. h3 N8d7 42. Bd4 Qc7 43. Nf5 Qf4 44. Ne3 Qd6 45. Qxa5 Qa3 46. Qb5 Qc1+ 47. Kh2 Nh5 48. Qd5 Ndf6 49. Bxf6 Nxf6 50. Qd4 Qe1 51. a5 Nh5 52. a6 Qg3+ 53. Kg1 Nf4 54. Nf1 Nxh3+ 55. Kh1 Nf2+ 56. Kg1 Nh3+ 57. Kh1 Nf2+ 58. Kg1 Qh4 59. Qxf2 1-0


[Site "https://www.chess.com"]

[Event "Titled Tuesday Blitz July 11 Early 2023"]
[White "Kosteniuk, Alexandra"]
[Black "Altman, Joshua"]
[WhiteFideId "4128125"]
[BlackFideId "426210"]
[WhiteElo "2790"]
[BlackElo "2602"]
[Result "1-0"]
[Round "10"]
[TimeControl "180+2"]
[Date "2023.07.11"]
[WhiteClock "0:00:11"]
[BlackClock "0:00:23"]
[Board "24"]

1. e4 e6 2. d4 d5 3. exd5 exd5 4. Nf3 Nf6 5. Bd3 Bd6 6. Qe2+ Be6 7. Ng5 Qe7 8. O-O Nc6 9. Bb5 O-O 10. Bxc6 bxc6 11. Nxe6 fxe6 12. Nd2 Rae8 13. f4 c5 14. c3 cxd4 15. cxd4 c5 16. dxc5 Bxc5+ 17. Kh1 Qf7 18. Nb3 Bb6 19. Be3 Bxe3 20. Qxe3 Ng4 21. Qe2 Nf6 22. Rae1 Ne4 23. Nd2 Nxd2 24. Qxd2 e5 25. g3 e4 26. Qd4 Rc8 27. Rd1 Rfd8 28. b3 h6 29. Rf2 Qc7 30. f5 Qc3 31. Kg2 e3 32. Re2 Qc6 33. Rxe3 Kh7 34. Re7 Rg8 35. f6 Qc2+ 36. Rd2 Qg6 37. fxg7 Rxg7 38. Rxg7+ Qxg7 39. Qxd5 Rf8 40. Qe4+ Kh8 41. Re2 Qf7 42. Qe5+ Kg8 43. Qe6 Qxe6 44. Rxe6 Rc8 45. Rxh6 Rc2+ 46. Kh3 Rxa2 47. Rc6 Ra3 48. Rc8+ Kg7 49. Rb8 Kg6 50. Kg4 Ra5 51. h4 a6 52. Rb6+ Kg7 53. h5 Ra3 54. Kg5 Ra5+ 55. Kh4 Ra3 56. g4 Ra1 57. b4 Rb1 58. Kg5 Re1 59. Rxa6 Re5+ 60. Kh4 Rb5 61. Ra7+ Kf6 62. Ra6+ Kg7 63. Ra4 Rd5 64. g5 Rd4+ 65. Kg3 Rd5 66. Kf4 Rd4+ 67. Ke5 Rg4 68. Ra7+ Kg8 69. Kf6 Rxb4 70. Ra8+ Kh7 71. g6+ Kh6 72. Rh8# 1-0


[Site "https://www.chess.com"]

[Event "Titled Tuesday Blitz July 11 Early 2023"]
[White "Schmakel, Sam"]
[Black "Geivondian, Arman"]
[WhiteFideId "2039311"]
[BlackFideId "24102032"]
[WhiteElo "2777"]
[BlackElo "2598"]
[Result "1-0"]
[Round "10"]
[TimeControl "180+2"]
[Date "2023.07.11"]
[WhiteClock "0:00:10"]
[BlackClock "0:00:22"]
[Board "25"]

1. d4 Nf6 2. c4 e6 3. Nc3 Bb4 4. e3 O-O 5. Bd2 d5 6. Rc1 c6 7. Bd3 dxc4 8. Bxc4 Nbd7 9. Nf3 Qe7 10. a3 Bd6 11. O-O e5 12. Ba2 Nb6 13. dxe5 Bxe5 14. Nxe5 Qxe5 15. h3 Bf5 16. Qe2 Rad8 17. Rfd1 Bd3 18. Qe1 Ne4 19. Nxe4 Bxe4 20. f3 Bd5 21. Bc3 Qe6 22. Bb1 Bb3 23. Rd4 c5 24. Rxd8 Rxd8 25. e4 Nc4 26. Qg3 f6 27. Re1 Nd2 28. e5 f5 29. Qg5 Nxf3+ 30. gxf3 Qg6 31. Qxg6 hxg6 32. Kf2 Kf7 33. f4 Rh8 34. Re3 Bd5 35. Bd3 Rd8 36. a4 Be6 37. a5 Rh8 38. Be2 b6 39. axb6 axb6 40. Rd3 Ra8 41. Rd6 Rb8 42. Bb5 Ke7 43. h4 Rb7 44. Kg3 Rb8 45. b4 Kf7 46. Bc6 cxb4 47. Bxb4 Rc8 48. Bd7 Bxd7 49. Rxd7+ Ke6 50. Rxg7 Rc4 51. Rxg6+ Kd5 52. Rxb6 Ke4 53. e6 Rc8 54. e7 Rg8+ 55. Kf2 Kxf4 56. Rf6 Rc8 57. Rf8 Rc2+ 58. Ke1 1-0


[Site "https://www.chess.com"]

[Event "Titled Tuesday Blitz July 11 Early 2023"]
[White "ArtemDyachuk"]
[Black "Kozak, Antoni"]
[BlackFideId "21832030"]
[WhiteElo "2595"]
[BlackElo "2773"]
[Result "0-1"]
[Round "10"]
[TimeControl "180+2"]
[Date "2023.07.11"]
[WhiteClock "0:00:01"]
[BlackClock "0:00:12"]
[Board "26"]

1. e4 c5 2. Nf3 d6 3. d4 cxd4 4. Nxd4 Nf6 5. Nc3 a6 6. Qf3 e5 7. Nf5 h6 8. Bc4 Nc6 9. Be3 g6 10. Nh4 Be7 11. Nd5 Nxd5 12. Bxd5 Rf8 13. Bxh6 Nd4 14. Qd3 Rh8 15. Nxg6 Rxh6 16. Nxe7 Qxe7 17. O-O-O Be6 18. c3 Nc6 19. Bxc6+ bxc6 20. Qxd6 Qxd6 21. Rxd6 Rc8 22. h4 Ke7 23. Rd3 Bxa2 24. Rg3 Be6 25. Rg5 Kf6 26. g3 Rd8 27. Kc2 Bc4 28. Re1 Rhh8 29. Re3 Ke6 30. b3 Bf1 31. c4 Rd4 32. f4 exf4 33. gxf4 Rxh4 34. Re5+ Kd6 35. Rf5 Ke7 36. Re5+ Kf8 37. Kc3 Rd7 38. f5 Rh2 39. Ra5 Rhd2 40. e5 R2d3+ 41. Rxd3 Bxd3 42. e6 fxe6 43. fxe6 Rd6 44. Re5 Ke7 45. Kb4 Rxe6 46. Ra5 Rd6 47. Kc5 Be4 48. Rxa6 Re6 49. Ra7+ Kf6 50. Kd4 Bh1 51. c5 Re4+ 52. Kc3 Re3+ 53. Kb4 Bd5 54. Ra3 Ke5 55. Ka4 Kd4 56. Kb4 Rd3 57. Ka5 Kxc5 58. b4+ Kd4 59. Ra1 Bc4 60. Kb6 Bb5 61. Rc1 Rc3 62. Rd1+ Kc4 63. Ka5 Ra3+ 64. Kb6 Kxb4 65. Rb1+ Rb3 66. Rh1 c5 67. Rh4+ c4 68. Kb7 Ba4 69. Kc7 Rd3 70. Kb6 Rd7 71. Rg4 Rd6+ 72. Kc7 Rc6+ 73. Kb7 Rh6 74. Rg5 c3 75. Rg4+ Kb3 76. Rg3 Kb2 77. Rg4 Bb3 78. Rb4 c2 79. Ka7 c1=Q 80. Rb7 Qa1+ 81. Kb8 Rh8+ 82. Kc7 Qa5+ 83. Kd6 Qd5+ 84. Kc7 Qc5+ 85. Kd7 Qc8+ 86. Ke7 Qe6# 0-1


[Site "https://www.chess.com"]

[Event "Titled Tuesday Blitz July 11 Early 2023"]
[White "Bauman_Guy"]
[Black "Rodchenkov, Sergey D."]
[BlackFideId "4168712"]
[WhiteElo "2757"]
[BlackElo "2586"]
[Result "1-0"]
[Round "10"]
[TimeControl "180+2"]
[Date "2023.07.11"]
[WhiteClock "0:01:35"]
[BlackClock "0:00:07"]
[Board "27"]

1. e4 c5 2. Nf3 d6 3. d4 cxd4 4. Nxd4 Nf6 5. Nc3 a6 6. h3 e5 7. Nde2 h5 8. Bg5 Be6 9. Nc1 Nbd7 10. Be2 Be7 11. Nb3 b5 12. a4 b4 13. Nd5 Bxd5 14. exd5 Ne4 15. Be3 Bg5 16. Qd3 f5 17. a5 g6 18. O-O Kf7 19. f4 Bf6 20. fxe5 Nxe5 21. Qd1 Bg5 22. Qc1 Bxe3+ 23. Qxe3 Rc8 24. Nd4 Qf6 25. Bxa6 Rc5 26. Bd3 Ng4 27. hxg4 hxg4 28. Bxe4 Re8 29. Ne6 Rxc2 30. Bxc2 1-0


[Site "https://www.chess.com"]

[Event "Titled Tuesday Blitz July 11 Early 2023"]
[White "Ganiev, Roman"]
[Black "Papasimakopoulos, Alexandros"]
[WhiteFideId "4131452"]
[BlackFideId "4244125"]
[WhiteElo "2582"]
[BlackElo "2731"]
[Result "0-1"]
[Round "10"]
[TimeControl "180+2"]
[Date "2023.07.11"]
[WhiteClock "0:00:09"]
[BlackClock "0:01:24"]
[Board "28"]

1. e4 e6 2. d4 d5 3. Nc3 Bb4 4. e5 c5 5. a3 Bxc3+ 6. bxc3 Nc6 7. Qg4 g6 8. h4 h6 9. Nf3 Bd7 10. Bd2 Qa5 11. Bd3 c4 12. Be2 Qa4 13. Bd1 O-O-O 14. Qf4 Rh7 15. O-O Rf8 16. Qe3 f5 17. exf6 Nxf6 18. Ne5 Nxe5 19. Qxe5 Ne4 20. Be1 Rf5 21. Qh2 Rhf7 22. f3 g5 23. Bg3 Nxg3 24. Qxg3 Qa5 25. hxg5 Qxc3 26. g6 Qxd4+ 27. Qf2 Qxf2+ 28. Kxf2 Rg7 29. c3 Be8 30. Bc2 Rf6 31. Rh1 Bxg6 32. Rxh6 Kd7 33. Re1 Ke7 34. Bxg6 Rfxg6 35. Rxg6 Rxg6 36. g4 b5 37. Kg3 Kf6 38. f4 Rg8 39. Rh1 Kg6 40. Rh5 a5 41. Re5 Kf6 42. Rh5 b4 43. axb4 axb4 44. cxb4 Rc8 45. Rh6+ Kf7 46. Rh7+ Kg6 47. Re7 Kf6 48. Rh7 c3 49. Rh1 Rc4 50. Kf3 Rxb4 51. Ke3 Re4+ 52. Kf3 Rc4 53. Re1 c2 54. g5+ Kf5 55. Re5+ Kg6 56. Rxe6+ Kf7 57. Rf6+ Kg7 58. Rd6 c1=Q 59. Rxd5 Qh1+ 60. Kg4 Qxd5 61. Kh5 Qf3+ 62. Kh4 Rxf4# 0-1


[Site "https://www.chess.com"]

[Event "Titled Tuesday Blitz July 11 Early 2023"]
[White "Gunina, Valentina"]
[Black "Dinosaurio_1975"]
[WhiteFideId "4167570"]
[WhiteElo "2725"]
[BlackElo "2580"]
[Result "0-1"]
[Round "10"]
[TimeControl "180+2"]
[Date "2023.07.11"]
[WhiteClock "0:00:02"]
[BlackClock "0:00:05"]
[Board "29"]

1. d4 d5 2. c4 e6 3. Nf3 Nf6 4. Nc3 a6 5. c5 b6 6. cxb6 c5 7. Bf4 Qxb6 8. Na4 Qa5+ 9. Bd2 Qc7 10. Nxc5 Bxc5 11. dxc5 Qxc5 12. e3 O-O 13. Bd3 Nc6 14. Rc1 Qd6 15. O-O Bd7 16. Qe2 Rfb8 17. Bc3 e5 18. Bb1 Bg4 19. h3 Bh5 20. g4 Bg6 21. Bxg6 fxg6 22. Rfd1 Rf8 23. Qc2 Nxg4 24. hxg4 Rxf3 25. Qe4 Nd4 26. Rxd4 exd4 27. Qxf3 dxc3 28. Rxc3 Rf8 29. Qd1 Qe5 30. Kg2 h5 31. gxh5 gxh5 32. Rd3 Rf5 33. Rd4 Rg5+ 34. Kf1 Qh2 35. Qf3 Qg1+ 36. Ke2 Qb1 37. Rd2 Kh7 38. b3 Kh6 39. Qf4 Qf5 40. Qd6+ Rg6 41. Qxd5 Qg4+ 42. Qf3 Qb4 43. Rd5 Qh4 44. Qf8 Rf6 45. Qh8+ Kg6 46. f4 Qg4+ 47. Kf2 Rxf4+ 48. exf4 Qxf4+ 49. Kg1 Qg3+ 50. Kf1 Qf3+ 51. Ke1 Qxd5 52. Qe8+ Qf7 53. Qc6+ Qf6 54. Qe8+ Kh6 55. Ke2 h4 56. a4 g5 57. b4 h3 58. Qc8 Qe5+ 59. Kf2 Qf4+ 60. Ke2 Qe4+ 61. Kf2 Qg2+ 62. Ke3 Kh5 63. Qh8+ Kg4 64. Qd4+ Kg3 65. Qe5+ Kh4 66. Qh8+ Kg4 67. Qd4+ Kh5 68. Qh8+ Kg6 69. Qg8+ Kf6 70. Qf8+ Ke6 71. Qe8+ Kd5 72. Qd8+ Kc4 73. Qd3+ Kxb4 74. Qd4+ Ka3 75. Qc3+ Kxa4 76. Qc4+ Ka3 77. Qxa6+ Kb2 78. Qb5+ Kc1 79. Qc4+ Kb1 80. Qd3+ Qc2 81. Qf1+ Qc1+ 82. Kf2 Qxf1+ 83. Kxf1 g4 84. Kg1 Kc2 85. Kh2 Kd3 0-1


[Site "https://www.chess.com"]